 Dungeon Crawl Stone Soup version 0.31-a0-185-g9dded2c639 (webtiles) character file.

Game seed: 11450626431694345159

548 qw the Skirmisher (level 7, -7/40 HPs)
             Began as a Deep Elf Hunter on June 22, 2023.
             Was an Initiate of Okawaru.
             Mangled by Duvessa
             ... wielding a +8 short sword of speed
              (10 damage)
             ... on level 5 of the Dungeon.
             The game lasted 00:01:16 (3214 turns).

qw the Skirmisher (Deep Elf Hunter)                 Turns: 3214, Time: 00:01:17

Health: -7/40      AC:  5    Str: 10    XL:     7   Next: 7%
Magic:  9/9        EV: 16    Int: 14    God:    Okawaru [......]
Gold:   74         SH:  0    Dex: 18    Spells: 6/6 levels left

rFire   . . .        Y - +0 orcbow
rCold   . . .        (shield currently unavailable)
rNeg    . . .        h - +0 ring mail
rPois   +            (no helmet)
rElec   .            (no cloak)
rCorr   .            (no gloves)
SInv    .            (no boots)
Will    .....        (no amulet)
Stlth   +            g - +5 ring of evasion
HPRegen 0.26/turn    b - ring of poison resistance
MPRegen 0.11/turn

%: no passive effects
@: no status effects
A: no striking features
a: Renounce Religion


You were on level 5 of the Dungeon.
You worshipped Okawaru.
Okawaru was noncommittal.
You visited 1 branch of the dungeon, and saw 5 of its levels.

You collected 283 gold pieces.
You spent 209 gold pieces at shops.


   Skills:
 - Level 2.2 Fighting
 + Level 10.4 Ranged Weapons
 - Level 3.7 Dodging
 - Level 1.2 Stealth


You had 6 spell levels left.
You didn't know any spells.
Your spell library was empty.

Inventory:

Hand Weapons
 Y - a +0 orcbow (weapon)
Armour
 h - a +0 ring mail (worn)
Jewellery
 b - a ring of poison resistance (right hand)
 g - a +5 ring of evasion (left hand)
 j - an amulet of guardian spirit
Scrolls
 f - 2 scrolls of identify
 k - a scroll of blinking {unknown}
Potions
 a - 2 potions of cancellation
 c - a potion of degeneration {unknown}
 d - 7 potions of curing
 e - a potion of might {unknown}
 i - a potion of enlightenment

Dungeon Overview and Level Annotations

Branches:
Dungeon (5/15)
 Temple: D:4-7

Altars:
Dithmenos
Kikubaaqudgha
Okawaru
Trog
Vehumet
Zin

Shops:
D:4 !

Annotations:
D:5 Dowan, Duvessa


Message History

Enter note:
Enter note:
There is a stone staircase leading down here.
There is a stone staircase leading down here.
Found 5 stones.
Enter note:
Enter note:
Enter note:
Enter note: Duvessa and Dowan come into view.
Duvessa is wielding a +8 short sword of speed.
Dowan shouts!
Dowan casts a spell at Duvessa.
Duvessa seems to speed up.
Enter note:
Enter note:
Enter note:
Enter note:
3210 ||| Stepping ~*~*~tactically~*~*~ (outnumbered).
You shoot an arrow. The arrow hits Duvessa.
Duvessa is lightly wounded.
Duvessa closely misses you.
Duvessa says, "Where magic fails, the sword succeeds!"
Duvessa hits you with a +8 short sword of speed!
You shoot an arrow. The arrow hits Duvessa.
Duvessa is lightly wounded.
Duvessa hits you with a +8 short sword of speed.
Dowan's robes are whipped around by a magical breeze.
Duvessa hits you with a +8 short sword of speed!
You shoot an arrow.
The arrow hits Duvessa but does no damage.
Duvessa is lightly wounded.
Duvessa completely misses you.
Duvessa hits you with a +8 short sword of speed.
Duvessa hits you with a +8 short sword of speed!
You shoot an arrow. The arrow hits Duvessa!
Duvessa is moderately wounded.
Duvessa completely misses you. Duvessa barely misses you.
Duvessa hits you with a +8 short sword of speed!
You die...

# # # ######### #
#ee@....# #
######## #.####.##
# #....).# #. #.#
###)####.# e.
###.## .....#
#.###### #...(#
###..# #......#
#.####
#..########.###.#
###.........#.#...#
....>######.#.#.###


You could see Duvessa (fast) and Dowan.

Vanquished Creatures
  An ogre (D:5)
  A scorpion (D:4)
  3 orc priests
  2 sleepcaps (D:4)
  An iguana (D:5)
  Terence (D:3)
  2 orc wizards
  A gnoll (D:1)
  8 adders
  An ufetubus (D:3)
  A worm (D:3)
  2 orcs
  3 bats
  7 endoplasms
  2 giant cockroaches
  7 goblins
  8 hobgoblins
  11 jackals
  5 kobolds
  4 quokkas
  2 ball pythons
  3 frilled lizards
  5 rats
81 creatures vanquished.

Notes
Turn   | Place    | Note
-------+----------+-------------------------------------------
     0 | D:1      | qw the Deep Elf Hunter began the quest for the Orb.
     0 | D:1      | Reached XP level 1. HP: 12/12 MP: 3/3
     0 | D:1      | 0 ||| qw: Version: 0.3-a-9-g12657ce
     0 | D:1      | 0 ||| qw: Game counter: 1749
     0 | D:1      | 0 ||| qw: Always use a shield: true
     0 | D:1      | 0 ||| qw: God list: Okawaru
     0 | D:1      | 0 ||| qw: Allow faded altars: false
     0 | D:1      | 0 ||| qw: Do Orc after D:15 true
     0 | D:1      | 0 ||| qw: Do second Lair branch before Depths: true
     0 | D:1      | 0 ||| qw: Lair rune preference: random
     0 | D:1      | 0 ||| qw: Plans: Normal
     0 | D:1      | 0 ||| PLANNING D:1-11
   233 | D:1      | Reached skill level 6 in Ranged Weapons
   233 | D:1      | Reached XP level 2. HP: 16/16 MP: 4/4
   340 | D:1      | Reached XP level 3. HP: 20/20 MP: 5/5
   621 | D:1      | 621 ||| UPGRADING to +5 ring of evasion.
   622 | D:1      | 622 ||| READING scroll labelled DAESMIA GEPSAHA.
   623 | D:1      | 623 ||| READING scroll labelled VUMPOPH ZULAA.
   624 | D:1      | 624 ||| READING scroll labelled ICO XENEKAFF.
   625 | D:1      | 625 ||| DRINKING 4 black potions.
   626 | D:1      | 626 ||| DRINKING 2 cyan potions.
   731 | D:1      | 731 ||| DROPPING scroll of butterflies.
   732 | D:1      | 732 ||| DROPPING potion of berserk rage.
   749 | D:2      | Reached skill level 7 in Ranged Weapons
   940 | D:2      | Reached XP level 4. HP: 25/25 MP: 6/6
  1440 | D:2      | 1440 ||| SWAPPING to +0 orcbow.
  1441 | D:2      | 1441 ||| DROPPING +1 shortbow.
  1442 | D:2      | 1442 ||| UPGRADING to +0 ring mail.
  1452 | D:2      | 1452 ||| DROPPING +0 leather armour.
  1453 | D:2      | 1453 ||| UPGRADING to ring of poison resistance.
  1454 | D:2      | 1454 ||| READING scroll labelled CECETUIXKE.
  1455 | D:2      | 1455 ||| READING 2 scrolls labelled WUEDUF XAFFOC.
  1456 | D:2      | 1456 ||| READING scroll labelled DEMULLUXZE.
  1503 | D:3      | Found a glowing silver altar of Zin.
  1523 | D:3      | Found a radiant altar of Vehumet.
  1523 | D:3      | Noticed Terence
  1536 | D:3      | Killed Terence
  1537 | D:3      | Reached skill level 8 in Ranged Weapons
  1669 | D:3      | 1669 ||| Stepping ~*~*~tactically~*~*~ (outnumbered).
  1674 | D:3      | Reached XP level 5. HP: 26/29 MP: 7/7
  1715 | D:3      | Found a bloodstained altar of Trog.
  1741 | D:3      | Reached skill level 9 in Ranged Weapons
  1891 | D:3      | Found an ancient bone altar of Kikubaaqudgha.
  1941 | D:3      | 1941 ||| READING scroll labelled GAXKESCH DYDGH.
  2078 | D:4      | Found Duasal's Distillery.
  2097 | D:4      | Reached XP level 6. HP: 23/35 MP: 8/8
  2143 | D:4      | 2143 ||| SHOPLISTING 2 potions of experience (1100 gold,
                  | have 188).
  2143 | D:4      | 2143 ||| BUYING potion of cancellation (88 gold).
  2143 | D:4      | Bought a potion of cancellation for 88 gold pieces
  2143 | D:4      | 2143 ||| BUYING potion of curing (33 gold).
  2143 | D:4      | Bought a potion of curing for 33 gold pieces
  2143 | D:4      | 2143 ||| BUYING potion of curing (33 gold).
  2143 | D:4      | Bought a potion of curing for 33 gold pieces
  2143 | D:4      | 2143 ||| SHOPLISTING potion of enlightenment (55 gold, have
                  | 34).
  2143 | D:4      | 2143 ||| SHOPLISTING potion of haste (110 gold, have 34).
  2143 | D:4      | 2143 ||| SHOPLISTING potion of heal wounds (55 gold, have
                  | 34).
  2381 | D:4      | Found an iron altar of Okawaru.
  2382 | D:4      | 2382 ||| PLANNING OKAWARU WORSHIP
  2382 | D:4      | 2382 ||| READING 3 scrolls labelled LEYPAE ICEDUSCH.
  2383 | D:4      | 2383 ||| DROPPING 2 scrolls of amnesia.
  2386 | D:4      | 2386 ||| BUYING potion of enlightenment (55 gold).
  2386 | D:4      | Bought a potion of enlightenment for 55 gold pieces
  2445 | D:4      | Became a worshipper of Warmaster Okawaru
  2446 | D:4      | 2446 ||| PLANNING D:1-11
  2787 | D:4      | Found a shadowy altar of Dithmenos.
  2828 | D:4      | Reached skill level 10 in Ranged Weapons
  2883 | D:4      | 2883 ||| DROPPING amulet of magic regeneration.
  2884 | D:4      | 2884 ||| READING scroll labelled ISIBOR WAI.
  2899 | D:5      | Entered Level 5 of the Dungeon
  2935 | D:5      | Reached skill level 3 in Dodging
  2975 | D:5      | Reached XP level 7. HP: 40/40 MP: 9/9
  3209 | D:5      | Noticed Duvessa
  3209 | D:5      | Noticed Dowan
  3210 | D:5      | 3210 ||| Stepping ~*~*~tactically~*~*~ (outnumbered).
  3213 | D:5      | HP: 3/40 [Duvessa/+8 short sword of speed (10)]
  3214 | D:5      | Mangled by Duvessa

Levels and vault maps discovered:
D:1:      lemuel_arrival_funnel, layout_basic, minmay_split_cup_large
D:2:      layout_loops_ring, minmay_misc_feat_cross, kennysheep_flooded_box,
          minmay_bisected
D:3:      layout_rooms, trog_three_pillars_becter,
          mainiacjoe_overflow_catwalk_spiral, marbit_many_paths, uniq_terence
D:4:      layout_basic, lemuel_tele_altar,
          nicolae_dithmenos_through_a_glass_darkly, serial_shops, shop
D:5:      layout_basic, uniq_blork_the_orc, uniq_duvessa,
          uniq_crazy_yiuf_cottage

Skill      XL: |  1  2  3  4  5  6 |
---------------+-------------------+-----
Ranged Weapons | 6 7 8 9 10 | 10.4
Fighting       | 2 |  2.2
Dodging        | 3 |  3.7
Stealth        | |  1.2

Action                     |  1- 3 |  4- 6 |  7- 9 || total
---------------------------+-------+-------+-------++-------
   Fire: Shortbow          |    94 |    17 |       ||   111
         Orcbow            |       |   120 |    13 ||   133
    Use: Scroll            |     3 |     6 |       ||     9
         Potion            |     2 |       |       ||     2
 Armour: Leather armour    |     7 |     1 |       ||     8
         Ring mail         |       |     8 |     1 ||     9
  Dodge: Dodged            |    18 |    39 |     7 ||    64

Table legend:
 A = Non-vault XP
 B = Vault XP
 C = Vault XP percentage of total XP
 D = Non-vault monster count
 E = Vault monster count
 F = Vault count percentage of total count
                 A         B        C        D         E       F
            +---------+---------+-------+---------+---------+-------
      Total |     727 |      56 |   7.2 |      74 |       7 |   8.6
            +---------+---------+-------+---------+---------+-------
        D:1 |      51 |       5 |   8.9 |      22 |       4 |  15.4
        D:2 |      57 |      13 |  18.6 |      19 |       1 |   5.0
        D:3 |     117 |      38 |  24.5 |      12 |       2 |  14.3
        D:4 |     314 |       0 |   0.0 |      16 |       0 |   0.0
        D:5 |     188 |       0 |   0.0 |       5 |       0 |   0.0
            +---------+---------+-------+---------+---------+-------
